 Dungeon Crawl Stone Soup version 0.19.4-9-g45fd643 (webtiles) character file.

176 vatarom the Firebug (level 5, -1/41 HPs)
             Began as a Draconian Fire Elementalist on Feb 18, 2017.
             Slain by Lluna's ghost (10 damage)
             ... on level 3 of the Dungeon.
             The game lasted 00:07:04 (2326 turns).

vatarom the Firebug (Draconian Fire Elementalist)   Turns: 2326, Time: 00:07:05

Health: -1/41      AC:  5    Str: 10    XL:     5   Next: 30%
Magic:  3/8        EV: 12    Int: 17    God:
Gold:   54         SH:  0    Dex: 11    Spells: 3 memorised, 2 levels left

rFire  + . .     SeeInvis .     e - +1 dagger (drain)
rCold  . . .     Gourm    +     (armour unavailable)
rNeg   . . .     Faith    .     (no shield)
rPois  .         Spirit   .     (helmet restricted)
rElec  .         Reflect  .     (no cloak)
rCorr  .         Harm     .     (no gloves)
MR     .....                    (no boots)
Stlth  ++........               d - amulet of the gourmand
                                g - ring of wizardry
                                f - ring of protection from fire

@: no status effects
A: unfitting armour, cold-blooded, AC +5
a: no special abilities


You were on level 3 of the Dungeon.
You were not hungry.

You visited 1 branch of the dungeon, and saw 3 of its levels.

You collected 54 gold pieces.

Inventory:

Hand Weapons
 e - a +1 dagger of draining (weapon)
Jewellery
 d - an amulet of the gourmand (around neck)
 f - a ring of protection from fire (left hand)
 g - a ring of wizardry (right hand)
Scrolls
 h - a scroll of enchant armour
 k - a scroll of identify
Books
 a - a book of Flames

   Spells                             Type                      Level
   a - Flame Tongue                   Conjuration/Fire             1
   b - Throw Flame                    Conjuration/Fire             2
   c - Conjure Flame                  Conjuration/Fire             3
   d - Inner Flame                    Hexes/Fire                   3
   e - Sticky Flame                   Conjuration/Fire             4
   f - Fireball                       Conjuration/Fire             5
Comestibles
 b - 4 bread rations
 c - a slice of pizza


   Skills:
 - Level 2.1 Fighting
 - Level 1.7 Dodging
 - Level 1.7 Stealth
 - Level 2.0 Spellcasting
 + Level 2.8 Conjurations
 * Level 4.8 Fire Magic


You had 2 spell levels left.
You knew the following spells:

 Your Spells              Type           Power        Failure   Level  Hunger
a - Flame Tongue          Conj/Fire      ##...        1%          1    #......
b - Throw Flame           Conj/Fire      ##....       4%          2    ###....
c - Conjure Flame         Conj/Fire      ##......     6%          3    ###....


Dungeon Overview and Level Annotations

Branches:
Dungeon (3/15)

Altars:
Makhleb

Annotations:
D:2 Sigmund
D:3 Lluna's ghost, weakling GrFi


Innate Abilities, Weirdness & Mutations

Your plain brown scales are hard. (AC +5)
You cannot fit into any form of body armour.
You are cold-blooded and may be slowed by cold attacks.


Message History

Press: ? - help, Shift-Dir - straight line, f/p - Lluna's ghost
Aim: Lluna's ghost The flame tongue hits Lluna's ghost.
Lluna's ghost appears unharmed.
Lluna's ghost hits you.
* * * LOW HITPOINT WARNING * * *
Casting: Flame Tongue
Confirm with . or Enter, or press ? or * to list all spells.
Aiming: Flame Tongue
Press: ? - help, Shift-Dir - straight line, f/p - Lluna's ghost
Aim: Lluna's ghost The flame tongue hits Lluna's ghost.
Lluna's ghost is moderately damaged.
Lluna's ghost closely misses you. The orc closely misses you.
You hit the orc but do no damage. Lluna's ghost barely misses you.
The orc misses you.
You hit the orc. You drain the orc!
The orc is heavily wounded.
Lluna's ghost hits you!
You die...

###....<..#
#........#
##.......#
##.....##
##.#### #.#
#.# #o# #@#
#W# ####.#
#....#
#.#### .
#.# # #.# .
#.# # # #.#


You could see Lluna's ghost and an orc.

Vanquished Creatures
  Natasha (twice) (D:2 D:1)
  3 gnolls (D:3)
  3 adders
  4 dart slugs (D:1)
  3 leopard geckos
  4 orcs (D:3)
  9 bats
  5 giant cockroaches
  3 goblins (D:1)
  7 hobgoblins
  5 kobolds
  2 quokkas (D:2)
  A ball python (D:1)
  2 frilled lizards (D:1)
  4 rats
57 creatures vanquished.

Notes
Turn   | Place    | Note
-------+----------+-------------------------------------------
     0 | D:1      | vatarom the Draconian Fire Elementalist began the quest for the Orb.
     0 | D:1      | Reached XP level 1. HP: 14/14 MP: 3/3
    39 | D:1      | Reached skill level 1 in Fighting
   163 | D:1      | Reached XP level 2. HP: 13/24 MP: 1/5
   293 | D:1      | Learned a level 2 spell: Throw Flame
   518 | D:1      | Reached XP level 3. HP: 23/29 MP: 6/6
   528 | D:1      | Learned a level 3 spell: Conjure Flame
  1004 | D:2      | Noticed Natasha
  1013 | D:2      | Killed Natasha
  1013 | D:2      | Reached XP level 4. HP: 35/36 MP: 2/7
  1020 | D:2      | Found a burning altar of Makhleb.
  1021 | D:2      | Noticed Sigmund
  1208 | D:2      | Noticed Natasha
  1232 | D:1      | Killed Natasha
  1232 | D:1      | Reached skill level 4 in Fire Magic
  2219 | D:3      | Noticed Lluna's ghost (weakling GrFi)
  2242 | D:3      | Reached XP level 5. HP: 37/41 MP: 8/8
  2326 | D:3      | Slain by Lluna's ghost

Skill      XL: |  1  2  3  4 |
---------------+-------------+-----
Fighting       | 1 2 |  2.1
Conjurations   | 2 |  2.8
Fire Magic     | 4 |  4.8
Dodging        | |  1.7
Stealth        | |  1.7
Spellcasting   | |  2.0

Action                   |  1- 3 |  4- 6 || total
-------------------------+-------+-------++-------
Melee: Unarmed           |    32 |       ||    32
       Dagger            |    29 |    83 ||   112
       Tailslap          |     6 |     2 ||     8
 Cast: Flame Tongue      |    24 |     8 ||    32
       Throw Flame       |     3 |     6 ||     9
       Conjure Flame     |       |     2 ||     2
  Use: Potion            |     1 |     3 ||     4
       Scroll            |     3 |     1 ||     4
 Stab: Sleeping          |       |     1 ||     1
  Eat: Chunk             |     5 |     6 ||    11
Armor: Skin              |    20 |    30 ||    50
Dodge: Dodged            |    41 |    87 ||   128
